 Dungeon Crawl Stone Soup version 0.16.1-4-g8e1b745 (console) character file.

903 Monkaria the Covered (level 7, -5/61 HPs)
             Began as a Minotaur Fighter on Mar 27, 2015.
             Slain by Duvessa
             ... wielding a +0 short sword
              (9 damage)
             ... on level 5 of the Dungeon.
             The game lasted 00:06:16 (4453 turns).

Monkaria the Covered (Minotaur Fighter)             Turns: 4453, Time: 00:06:17

Health: -5/61      AC:  8    Str: 21    XL:     7   Next: 80%
Magic:  3/3        EV:  7    Int:  5    God:
Gold:   293        SH:  9    Dex: 11    Spells: 0 memorised, 6 levels left

rFire  . . .     SeeInvis .     a - +0 long sword
rCold  . . .     Clarity  .     b - +0 scale mail
rNeg   . . .     SustAb   .     c - +0 shield
rPois  .         Gourm    .     (helmet restricted)
rElec  +         Spirit   .     A - +0 cloak
rCorr  .         Warding  .     (no gloves)
rMut   .         Stasis   .     f - +0 pair of boots
MR     .....                    (no amulet)
Stlth  ..........               y - +4 ring of slaying
                                (no ring)

@: not resistant to hostile enchantments, extremely unstealthy
A: retaliatory headbutt, horns 2, blink 1, deformed body, shaggy fur 1,
electricity resistance, wild magic 1, forlorn, MP-powered wands 1
a: Blink


You were on level 5 of the Dungeon.
You were hungry.

You visited 1 branch of the dungeon, and saw 5 of its levels.

You collected 293 gold pieces.

Inventory:

Hand weapons
 a - a +0 long sword (weapon)
Missiles
 D - 5 needles of confusion
 E - 20 poisoned needles
Armour
 b - a +0 scale mail (worn)
 c - a +0 shield (worn)
 f - a +0 pair of boots (worn)
 A - a +0 cloak (worn)
Jewellery
 t - an uncursed ring of teleportation
 y - a +4 ring of slaying (right hand)
Magical devices
 v - a wand of cold (5)
Scrolls
 g - 2 scrolls of identify
 k - a scroll of fog {unknown}
 m - a scroll of teleportation
 n - a scroll of enchant armour {unknown}
 o - a scroll of enchant weapon {unknown}
 w - 2 scrolls of remove curse
 z - 2 scrolls of fear {unknown}
 C - a scroll of recharging {unknown}
Potions
 e - a potion of might
 h - a potion of beneficial mutation {unknown}
 i - a potion of curing
 q - 2 potions of invisibility
 r - a potion of restore abilities
 u - a potion of brilliance
 B - a potion of agility
 F - a potion of lignification
Comestibles
 d - 4 bread rations
 j - 5 fruits
 l - 2 meat rations
 p - a beef jerky
 s - a chunk of flesh
 x - a slice of pizza


   Skills:
 - Level 5.6 Fighting
 - Level 7.2 Long Blades
 + Level 7.6 Armour
 - Level 4.1 Shields


You had 6 spell levels left.
You didn't know any spells.

Dungeon Overview and Level Annotations

Branches:
Dungeon (5/15)
 Temple: D:4-7

Altars:

Annotations:
D:5 Duvessa


Innate Abilities, Weirdness & Mutations

You reflexively headbutt those who attack you in melee.
You have a pair of horns on your head.
You can translocate small distances at will.
Armour fits poorly on your strangely shaped body.
You are covered in fur (AC +1).
You are resistant to electric shocks.
Your spells are a little harder to cast, but a little more powerful.
You have difficulty communicating with the divine.
You expend magic power (3 MP) to slightly strengthen your wands.


Message History

Your headbutt misses Duvessa.
Duvessa is almost dead.
Duvessa hits you but does no damage.
You barely miss Duvessa.
Duvessa is almost dead.
Duvessa hits you with a short sword.
* * * LOW HITPOINT WARNING * * *
Duvessa hits you with a short sword.
* * * LOW HITPOINT WARNING * * *
Your shield and scale mail prevent you from hitting Duvessa.
Duvessa is almost dead.
Duvessa closely misses you. You block Duvessa's attack.
You hit Duvessa.
Duvessa is almost dead.
Duvessa hits you with a short sword.
* * * LOW HITPOINT WARNING * * *
You barely miss Duvessa.
Duvessa is almost dead.
Duvessa hits you with a short sword!
You die...

###.#..###.......#####.#
.......# #.#####.# #.#
#####.## #.# # #.# #.#
#.# # #.# #.# #.#
###.#####.# #.# #.#
#.......รท.# > .#. ..#
#.####.#.## # # # ###
#.####.#[# # #.e@.(...#
#.)###.### ..... #.#
####.# #.# #. #.# #. #.#
# #.# #.# .


You could see Duvessa (berserk).

Vanquished Creatures
  The ghost of ontamu the Conjurer, an average GrWz (D:5)
  An ogre (D:5)
  The ghost of Galdon the Cutter, an average HaAK of Lugonu (D:3)
  Dowan (D:5)
  An orc priest (D:3)
  The ghost of Mandevil the Ducker, a weakling FeBe of Trog (D:4)
  2 crimson imps (D:5)
  2 hounds
  A centaur skeleton (D:5)
  2 orc wizards (D:3)
  A worker ant (D:4)
  A killer bee zombie (D:5)
  Terence (D:2)
  4 adders (D:3)
  6 gnolls
  A giant mite (D:2)
  2 worms
  2 giant geckos
  3 oozes
  6 orcs
  4 ball pythons
  8 giant cockroaches
  7 hobgoblins
  4 jackals (D:1)
  15 kobolds
  2 quokkas
  7 bats
  9 goblins
  10 rats
  A plant (D:1)
107 creatures vanquished.

Notes
Turn   | Place    | Note
--------------------------------------------------------------
     0 | D:1      | Monkaria, the Minotaur Fighter, began the quest for the Orb.
     0 | D:1      | Reached XP level 1. HP: 19/19 MP: 1/1
    84 | D:1      | Reached skill level 4 in Shields
   155 | D:1      | Reached XP level 2. HP: 25/27 MP: 1/1
   586 | D:1      | Reached XP level 3. HP: 34/34 MP: 2/2
   999 | D:2      | Reached skill level 5 in Fighting
  1551 | D:1      | Reached XP level 4. HP: 21/42 MP: 2/2
  1628 | D:2      | cribozai: Found Maurice, will avenge you!
  1777 | D:2      | Noticed Terence
  1781 | D:2      | Killed Terence
  2202 | D:3      | Noticed Galdon's ghost (average HaAK)
  2220 | D:3      | Killed Galdon's ghost
  2220 | D:3      | Reached skill level 5 in Long Blades
  2220 | D:3      | Reached XP level 5. HP: 28/49 MP: 2/2
  2250 | D:3      | Reached skill level 6 in Long Blades
  2250 | D:3      | Reached XP level 6. HP: 8/56 MP: 3/3
  3259 | D:4      | Noticed Mandevil's ghost (weakling FeBe)
  3262 | D:4      | Killed Mandevil's ghost
  3283 | D:4      | Reached skill level 7 in Long Blades
  3813 | D:4      | Gained mutation: You have difficulty communicating with the divine. [potion of mutation]
  3813 | D:4      | Gained mutation: You are resistant to electric shocks. [potion of mutation]
  3814 | D:4      | Gained mutation: You expend magic power (3 MP) to slightly strengthen your wands. [potion of mutation]
  3814 | D:4      | Gained mutation: You can translocate small distances at will. [potion of mutation]
  3814 | D:4      | Gained mutation: Armour fits poorly on your strangely shaped body. [potion of mutation]
  3815 | D:4      | Gained mutation: You are covered in fur (AC +1). [potion of mutation]
  3815 | D:4      | Gained mutation: Your spells are a little harder to cast, but a little more powerful. [potion of mutation]
  4102 | D:5      | Entered Level 5 of the Dungeon
  4242 | D:5      | Reached XP level 7. HP: 53/61 MP: 3/3
  4244 | D:5      | Reached skill level 5 in Armour
  4409 | D:5      | Noticed ontamu's ghost (average GrWz)
  4426 | D:5      | Killed ontamu's ghost
  4432 | D:5      | Noticed Dowan
  4436 | D:5      | Noticed Duvessa
  4441 | D:5      | Killed Dowan
  4452 | D:5      | HP: 3/61 [Duvessa/short sword (6)]
  4453 | D:5      | Slain by Duvessa

Action                   |  1- 3 |  4- 6 |  7- 9 || total
-------------------------+-------+-------+-------++-------
Melee: Long sword        |    92 |   185 |    39 ||   316
  Use: Scroll            |       |    15 |       ||    15
       Potion            |       |     3 |       ||     3
  Eat: Chunk             |       |    11 |       ||    11
